Map: Shrines of Lizul

Players

ILIEKEGGPIE - Winner!

  • Race: Zerg Zerg
  • League: Platinum
  • Spawn Location: 3:00

DictatorJR - Winner!

  • Race: Terran Terran
  • League: Platinum
  • Spawn Location: 12:00

rest

  • Race: Protoss Protoss
  • League: Silver
  • Spawn Location: 9:00

PrimeIce

  • Race: Terran Terran
  • Spawn Location: 6:00

VOD

Have the link to the VOD?

Description

Time

  • Played on: May 12, 2018, 3:02 p.m.
  • Length: 5:53
Show
View Real Time Build Order
Export as new Build Order

ILIEKEGGPIE Zerg - Winner!

Build Orders: Pool First 

Get SALT Encoding   

  12  0:01  Drone  
  13  0:13  Overlord  
  13  0:28  Drone  
  14  0:35  Extractor  
  13  0:53  Spawning Pool  
  13  0:54  Drone x3  
  15  1:12  Drone  
  16  1:23  Drone  
  17  1:41  Zergling x4  
  17  1:42  Metabolic Boost  
  17  1:43  Queen  
  21  2:07  Overlord  
  21  2:14  Hatchery  
  20  2:15  Overlord  
  20  2:29  Drone x2  
  22  2:40  Drone  
  23  2:49  Drone  
  24  2:57  Drone, Extractor  
  24  3:02  Zergling x4  
  24  3:03  Zergling x2  
  27  3:13  Lair  
  27  3:18  Zergling x2  
  27  3:40  Queen  
  27  3:48  Zergling x14  
  34  4:00  Drone  
  34  4:01  Overlord  
  35  4:25  Drone x2  
  35  4:26  Drone x3  
  40  4:49  Drone x3  
  40  4:50  Overlord x3  
  43  4:55  Hydralisk Den  
  43  4:59  Evolution Chamber, Drone  
  42  5:00  Evolution Chamber, Drone  
  42  5:22  Extractor  
  42  5:23  Drone x8  
  42  5:24  Extractor  
  42  5:26  Drone  
Show
View Real Time Build Order
Export as new Build Order

DictatorJR Terran - Winner!

Build Orders:  

Get SALT Encoding   

  12  0:01  SCV  
  13  0:14  Supply Depot  
  13  0:19  SCV  
  14  0:32  SCV  
  15  0:37  Barracks  
  15  1:01  Barracks  
  15  1:04  Barracks  
  15  1:09  SCV  
  16  1:14  Refinery  
  16  1:21  SCV  
  17  1:27  Supply Depot  
  17  1:29  Marine  
  18  1:34  SCV  
  19  1:48  Marine  
  19  1:49  Marine  
  19  1:51  Marine  
  22  2:05  Marine  
  22  2:07  Marine  
  24  2:09  Marine  
  25  2:17  Supply Depot  
  25  2:23  Marine  
  25  2:24  Marine  
  25  2:26  Marine  
  28  2:41  Marine  
  28  2:42  Marine  
  30  2:44  Marine  
  30  2:46  Factory  
  30  2:47  SCV  
  27  3:31  Marine  
  27  3:32  Marine x2  
  30  3:34  Factory Reactor  
  30  3:48  Command Center  
  30  3:49  Marine x2  
  30  3:53  Refinery  
  30  3:54  SCV  
  33  4:06  SCV  
  33  4:07  Marine  
  35  4:13  Cyclone  
  38  4:18  SCV  
  39  4:31  Engineering Bay  
  39  4:41  Orbital Command  
  42  5:00  Cyclone  
  42  5:02  Supply Depot  
  42  5:07  Missile Turret  
  42  5:10  Missile Turret  
  42  5:14  Missile Turret  
  42  5:51  Missile Turret  
Show
View Real Time Build Order
Export as new Build Order

rest Protoss 

Build Orders: Nexus First 

Get SALT Encoding   

  12  0:43  Nexus  
  12  0:49  Pylon  
  12  0:52  Probe  
  13  1:09  Gateway  
  13  1:14  Probe  
  13  1:15  Pylon  
  14  1:22  Probe  
  14  1:30  Assimilator  
  15  1:39  Assimilator, Probe  
  16  1:51  Probe  
  17  2:03  Probe  
  17  2:08  Assimilator  
  18  2:10  Assimilator  
  18  2:11  Probe  
  18  2:12  Probe  
  20  2:24  Cybernetics Core  
  20  2:37  Probe  
  21  2:46  Probe  
  21  2:49  Probe  
  23  2:55  Stalker  
  23  2:58  Probe  
  26  3:10  Probe  
  27  3:21  Forge  
  27  3:22  Probe  
  28  3:34  Probe  
  28  3:37  Stargate  
  29  3:42  Protoss Air Weapons Level 1, Stargate  
  29  3:45  Pylon  
  29  3:46  Probe  
  30  3:48  Pylon  
  30  3:58  Probe  
  31  4:08  Probe  
  31  4:10  Stargate  
  31  4:12  Stargate  
  31  4:14  Stargate  
  31  4:16  Probe  
  33  4:26  Probe  
  34  4:37  Void Ray  
  34  4:38  Void Ray, Probe  
  42  4:40  Fleet Beacon  
  43  4:49  Photon Cannon  
  43  4:52  Photon Cannon x2  
  43  4:58  Probe, Photon Cannon  
  44  5:10  Probe  
  45  5:16  Pylon  
  45  5:20  Pylon  
  45  5:22  Probe  
Show
View Real Time Build Order
Export as new Build Order

PrimeIce Terran 

Build Orders:  

Get SALT Encoding   

  12  0:01  SCV  
  13  0:18  Supply Depot  
  13  0:40  Barracks  
  13  0:42  Barracks  
  13  0:51  Supply Depot  
  13  1:00  SCV  
  14  1:04  Refinery  
  14  1:12  Refinery  
  14  1:32  Marine x2  
  16  1:43  Orbital Command  
  16  2:09  Barracks Reactor, Barracks Tech Lab  
  16  2:13  SCV  
  17  2:36  Factory  
  17  2:37  Marine  
  18  2:45  Marine  
  18  2:46  Marine  
  18  2:50  SCV  
  20  3:08  Marine  
  20  3:09  Marine  
Tags
 
Add a new tag
Caveats
  • Supply blocks, unpowered buildings, or Contaminate may cause inaccurate times.
  • Supply counts are checked every 10 seconds.